 Dungeon Crawl Stone Soup version 0.22-a0-185-ge330310 (webtiles) character file.

67 vishdafish the Skirmisher (level 4, 35/35 HPs)
             Began as a Demonspawn Fighter on Feb 15, 2018.
             Quit the game on level 2 of the Dungeon.
             The game lasted 00:02:05 (1433 turns).

vishdafish the Skirmisher (Demonspawn Fighter)      Turns: 1433, Time: 00:02:06

Health: 35/35      AC:  7    Str: 16    XL:     4   Next: 0%
Magic:  4/4        EV:  6    Int: 10    God:
Gold:   114        SH:  9    Dex: 13    Spells: 3/3 levels left

rFire    + . .     SeeInvis .   a - +0 long sword
rCold    . . .     Gourm    .   c - +0 shield
rNeg     . . .     Faith    .   b - +0 scale mail
rPois    .         Spirit   .   (no helmet)
rElec    .         Reflect  .   (no cloak)
rCorr    .         Harm     .   u - +0 pair of gloves
MR       .....                  (no boots)
Stlth    ..........             (no amulet)
HPRegen  0.11/turn              (no ring)
MPRegen  0.09/turn              (no ring)

@: no status effects
A: talons 1, demonic guardian 1, fire resistance 1
a: no special abilities


You were on level 2 of the Dungeon.
You were hungry.

You visited 1 branch of the dungeon, and saw 2 of its levels.

You collected 114 gold pieces.

Inventory:

Hand Weapons
 a - a +0 long sword (weapon)
Armour
 b - a +0 scale mail (worn)
 c - a +0 shield (worn)
 u - a +0 pair of gloves (worn)
Scrolls
 h - 2 scrolls of identify {unknown}
 j - a scroll of teleportation {unknown}
 m - a scroll of random uselessness {unknown}
 n - a scroll of enchant weapon {unknown}
 r - a scroll of amnesia {unknown}
 s - 3 scrolls of blinking {unknown}
 t - a scroll of remove curse
Potions
 d - a potion of might
 e - a potion of lignification {unknown}
 g - a potion of ambrosia {unknown}
 i - a potion of flight {unknown}
 k - 2 potions of mutation {unknown}
 l - 2 potions of heal wounds {unknown}
 o - a potion of curing {unknown}
 p - a potion of magic {unknown}
 q - a potion of haste {unknown}
Comestibles
 f - 2 rations


   Skills:
 + Level 3.4 Fighting
 * Level 2.8 Long Blades
 + Level 3.1 Armour
 + Level 3.1 Shields


You had 3 spell levels left.
You didn't know any spells.

Dungeon Overview and Level Annotations

Branches:
Dungeon (2/15)

Altars:
Makhleb
Ru
Xom


Innate Abilities, Weirdness & Mutations

You have sharp toenails.
A weak demonic guardian rushes to your aid.
Your flesh is heat resistant. (rF+)


Message History

You see here 15 stones.
Found a pair of gloves.
A bat comes into view.
The bat hits you.
You closely miss the bat. The bat barely misses you.
The bat hits you but does no damage.
The bat hits the bush.
You block the bat's attack. The bat hits you but does no damage.
You miss the bat. Your kick misses the bat. The bat barely misses you.
You hit the bat.
You kill the bat!
You have reached level 4!
You feel agile.
Your demonic ancestry asserts itself...
You feel resistant to heat.
You see here a pair of gloves.
u - a pair of gloves Wear which item? (? for menu, Esc to quit)
You start putting on your armour.
You continue putting on your pair of gloves. x4
You finish putting on your +0 pair of gloves.
Are you sure you want to abandon this character and quit the game? (Confirm with "yes".) #.#.# ♣PP #†#.####### PP.P

#.........# #♣..
##(######.# #..♣ #.#
#.###.### #.# #........
#.# #####.##. ♣#.####.#
##.##. ♣....@..# #..<#.
♣...####..#♣♣♣♣♣......#.
. #...♣.P♣♣........
###.......#######
##♣♣P♣♣## ♣♣


There were no monsters in sight!

Vanquished Creatures
  An adder (D:2)
  2 oozes (D:2)
  A worm (D:2)
  3 dart slugs (D:1)
  2 giant cockroaches (D:1)
  3 goblins
  6 hobgoblins
  3 jackals (D:1)
  4 kobolds
  7 bats
  4 frilled lizards
  7 rats
43 creatures vanquished.

Notes
Turn   | Place    | Note
-------+----------+-------------------------------------------
     0 | D:1      | vishdafish the Demonspawn Fighter began the quest for the Orb.
     0 | D:1      | Reached XP level 1. HP: 18/18 MP: 1/1
   179 | D:1      | Gained mutation: You have sharp toenails. [demonic ancestry]
   179 | D:1      | Reached XP level 2. HP: 12/24 MP: 2/2
   577 | D:1      | Gained mutation: A weak demonic guardian rushes to your aid. [demonic ancestry]
   577 | D:1      | Reached XP level 3. HP: 17/29 MP: 3/3
   845 | D:1      | Found a burning altar of Makhleb.
   847 | D:1      | Found a basalt altar of Yredelemnul.
   847 | D:1      | Found a sacrificial altar of Ru.
   849 | D:1      | Found a burning altar of Makhleb.
   849 | D:1      | Found a shimmering altar of Xom.
   849 | D:1      | Found a shimmering altar of Xom.
  1418 | D:2      | Gained mutation: Your flesh is heat resistant. (rF+) [demonic ancestry]
  1418 | D:2      | Reached XP level 4. HP: 35/35 MP: 4/4
  1433 | D:2      | Quit the game

Vault maps used:
D:1:      lightli_arrival_flooded_house, st_stairs_10, serial_bayou_pond_c,
          doesnt_xom_only_xom
D:2:      first_ration, serial_forest, infiniplex_forest_straight_4,
          infiniplex_forest_clump_long, infiniplex_forest_lined_corner,
          infiniplex_forest_fountain, infiniplex_forest_straight_2,
          infiniplex_forest_end_2, infiniplex_forest_split,
          lexackson_kobold_supper

Skill      XL: |  1  2  3 |
---------------+----------+-----
Long Blades    | 2 |  2.8
Shields        | 3 |  3.1
Armour         | 3 |  3.1
Fighting       | |  3.4

Action                   |  1- 3 |  4- 6 || total
-------------------------+-------+-------++-------
Melee: Long sword        |   128 |       ||   128
       Kick              |    27 |       ||    27
  Use: Scroll            |     1 |       ||     1
  Eat: Chunk             |     1 |       ||     1
Armor: Scale mail        |    81 |       ||    81
Dodge: Dodged            |    39 |       ||    39
Block: Shield            |    72 |       ||    72
       Rpst.: Long sword |    15 |       ||    15

Table legend:
 A = Spawn XP
 B = Non-spawn XP
 C = Spawn XP percentage of total XP
 D = Spawn monster count
 E = Non-spawn monster count
 F = Spawn count percentage of total count
 G = Total turns spent on level
                    A         B        C        D         E        F      G
               +---------+---------+-------+---------+---------+-------+---------
         Total |       0 |      97 |   0.0 |       0 |      43 |   0.0 |  1433
               +---------+---------+-------+---------+---------+-------+---------
           D:1 |       0 |      52 |   0.0 |       0 |      28 |   0.0 |   975
           D:2 |       0 |      45 |   0.0 |       0 |      15 |   0.0 |   458
               +---------+---------+-------+---------+---------+-------+---------
